 Dungeon Crawl Stone Soup version 0.29.1-12-g30fa7ad0bf (webtiles) character file.

Game seed: 7264763187194834003

148 growler the Trooper (level 5, -2/49 (54) HPs)
             Began as an Ogre Warper on Jan 18, 2023.
             Slain by a necrophage (4 damage)
             ... on level 3 of the Dungeon.
             The game lasted 00:09:00 (3788 turns).

growler the Trooper (Ogre Warper)                   Turns: 3788, Time: 00:09:00

HP:   -2/49 (54)    AC:  3    Str: 15    XL:     5   Next: 30%
MP:   10/10         EV:  9    Int: 16    God:
Gold: 245           SH:  0    Dex:  8    Spells: 8/10 levels left

rFire   . . .      SeeInvis .   j - +0 whip (venom)
rCold   . . .      Faith    .   (no shield)
rNeg    . . .      Spirit   .   n - +0 animal skin
rPois   .          Reflect  .   (helmet restricted)
rElec   .          Harm     .   (no cloak)
rCorr   .          Rampage  .   (gloves unavailable)
Will    .....                   (boots unavailable)
Stlth   +.........              (no amulet)
HPRegen 0.16/turn               (no ring)
MPRegen 0.12/turn               (no ring)

@: drained
A: large, unfitting armour, tough skin 1
a: no special abilities


You were on level 3 of the Dungeon.
You visited 1 branch of the dungeon, and saw 4 of its levels.

You collected 245 gold pieces.

Inventory:

Hand Weapons
 a - a +0 mace
 j - a +0 whip of venom (weapon)
Missiles
 d - 3 boomerangs of dispersal (quivered)
 u - 2 javelins
 v - 4 atropa-tipped darts
Armour
 b - a +0 robe
 n - a +0 animal skin (worn)
Jewellery
 t - a ring of fire
Wands
 s - a wand of acid (5)
Scrolls
 c - a scroll of blinking
 f - 3 scrolls of identify {unknown}
 h - a scroll of noise {unknown}
 k - a scroll of immolation {unknown}
 p - a scroll of magic mapping {unknown}
 q - a scroll of enchant armour {unknown}
Potions
 e - a potion of might {unknown}
 g - a potion of curing {unknown}
 i - 2 potions of heal wounds {unknown}
 l - 2 potions of invisibility {unknown}
 m - 2 potions of mutation {unknown}
 o - a potion of brilliance {unknown}
 r - a potion of lignification {unknown}


   Skills:
 + Level 3.9 Fighting
 * Level 3.2 Maces & Flails
 - Level 1.0 Throwing
 - Level 2.1 Dodging
 + Level 3.4 Spellcasting
 + Level 3.4 Translocations


You had 8 spell levels left.
You knew the following spells:

 Your Spells              Type           Power      Damage    Failure   Level
a - Blink                 Tloc           26%        N/A       7%          2

Your spell library contained the following spells:

 Spells                   Type           Power      Damage    Failure   Level
 Gell's Gravitas          Tloc           13%        N/A       13%         3
 Lesser Beckoning         Tloc           13%        N/A       13%         3
 Teleport Other           Tloc           13%        N/A       13%         3
 Manifold Assault         Tloc           13%        N/A       77%         5
 Conjure Ball Lightning   Conj/Air       1%         3x3d6     100%        6
 Discord                  Hex            1%         N/A       100%        8
 Disjunction              Tloc           6%         N/A       100%        8


Dungeon Overview and Level Annotations

Branches:
Dungeon (4/15)
 Temple: D:4-7

Altars:
Uskayaw

Shops:
D:2 *


Innate Abilities, Weirdness & Mutations

You are too large for most types of armour.
You have tough skin. (AC +1)


Message History

The necrophage is heavily damaged.
The necrophage hits you.
* * * LOW HITPOINT WARNING * * *
You barely miss the necrophage.
The necrophage is heavily damaged.
The necrophage hits you.
* * * LOW HITPOINT WARNING * * *
You closely miss the necrophage.
The necrophage is heavily damaged.
The necrophage barely misses you.
You barely miss the necrophage.
The necrophage is heavily damaged.
The necrophage hits you but does no damage.
You barely miss the necrophage.
The necrophage is heavily damaged.
The necrophage hits you but does no damage.
You hit the necrophage.
The necrophage is severely damaged.
The necrophage hits you.
* * * LOW HITPOINT WARNING * * *
You feel drained.
* * * LOW HITPOINT WARNING * * *
You barely miss the necrophage.
The necrophage is severely damaged.
The necrophage barely misses you.
You hit the necrophage.
The necrophage is severely damaged.
The necrophage hits you.
* * * LOW HITPOINT WARNING * * *
You feel drained.
You hit the necrophage but do no damage.
The necrophage is severely damaged.
You hit the necrophage.
The necrophage is severely damaged.
The necrophage hits you.
* * * LOW HITPOINT WARNING * * *
You closely miss the necrophage.
The necrophage is severely damaged.
The necrophage hits you.
You die...

#.##..# #.............#..#
##.##..# #............##.##
#......# #[........#.###.#
#..###.### #.......###.##..# #..#
#...# #..[........[...# ##.#
###.#######.....#...#.##.##
#.#####.....#.............##...
###.##....###.#..).....###...###.
...<##....###.#.@.........#..####
....##.^...##.#.n......##.#......
........._.......................
....#.##.....##..................
....#.###....##.[......####.....#
....#.###....##........# ##.....
....#.....########.##### #.....
....#####.## ### #.....
...[.......# #.....


You could see a necrophage.

Vanquished Creatures
  Ijyb (D:3)
  Robin (D:2)
  4 adders
  4 dart slugs (D:1)
  6 ball pythons
  6 bats
  3 endoplasms
  4 giant cockroaches
  10 goblins
  9 hobgoblins
  6 quokkas
  6 frilled lizards
  2 kobolds (D:3)
  3 rats (D:1)
65 creatures vanquished.

Notes
Turn   | Place    | Note
-------+----------+-------------------------------------------
     0 | D:1      | growler the Ogre Warper began the quest for the Orb.
     0 | D:1      | Reached XP level 1. HP: 22/22 MP: 3/3
   128 | D:1      | Reached XP level 2. HP: 13/29 MP: 5/5
   454 | D:1      | Found a faded altar of an unknown god.
   671 | D:1      | Reached XP level 3. HP: 37/37 MP: 7/7
  1019 | D:2      | Found Ofeem's General Store.
  1390 | D:2      | Reached XP level 4. HP: 13/45 MP: 8/8
  1393 | D:2      | Learned a level 2 spell: Blink
  1832 | D:2      | Noticed Robin
  1882 | D:2      | Killed Robin
  2564 | D:3      | Noticed Ijyb
  2587 | D:3      | Found a hide-covered altar of Uskayaw.
  2916 | D:3      | Reached XP level 5. HP: 44/54 MP: 9/9
  3097 | D:3      | Killed Ijyb
  3462 | D:4      | Noticed an ogre
  3787 | D:3      | HP: 1/49 [necrophage (4)]
  3788 | D:3      | Slain by a necrophage

Illustrated notes

Levels and vault maps discovered:
D:1:      ebering_trefoil_3fold, layout_basic, shapermc_ecumenical_altar_venn
D:2:      layout_rooms, serial_aquarium, aquarium_bridge_straight
          [aquarium_subvault_bridge, aquarium_subvault_window,
          aquarium_subvault_bridge, aquarium_subvault_wall],
          aquarium_bridge_square [aquarium_subvault_window,
          aquarium_subvault_wall, aquarium_subvault_bridge,
          aquarium_subvault_balcony], aquarium_window_fake,
          aquarium_window_double, aquarium_window_2, aquarium_view_2b,
          serial_shops, shop, uniq_robin
D:3:      layout_rooms, nicolae_overflow_crystal_walls, uniq_ijyb
D:4:      layout_cave_pools, nicolae_elyvilon_temple_path,
          kennysheep_little_box, mainiacjoe_overflow_paths,
          general_overflow_altar, uniq_pikel

Skill      XL: |  1  2  3  4 |
---------------+-------------+-----
Maces & Flails | 2 3 |  3.2
Fighting       | 3 |  3.9
Translocations | 3 |  3.4
Spellcasting   | 3 |  3.4
Throwing       | |  1.0
Dodging        | |  2.1

Action                   |  1- 3 |  4- 6 || total
-------------------------+-------+-------++-------
Melee: Mace              |    97 |       ||    97
       Punch             |     2 |     1 ||     3
       Whip              |     9 |   145 ||   154
Throw: Boomerang         |       |     4 ||     4
 Cast: Blink             |       |     2 ||     2
Armor: Robe              |    50 |    12 ||    62
       Animal skin       |       |    37 ||    37
Dodge: Dodged            |    61 |    81 ||   142
